 Dungeon Sprint DCSS version 0.27.0-1-g7a089689b8 (webtiles) character file.

Game seed: 17734844624385828980

53 Groucho the Covert (level 3, -7/17 HPs)
             Began as a Felid Berserker on Aug 1, 2021.
             Was an Initiate of Trog.
             Shot themself with a puff of flame (9 damage)
             ... in the Dungeon (Sprint I: "Red Sonja").
             The game lasted 00:01:46 (8713 turns).

Groucho the Covert (Felid Berserker)                Turns: 8713, Time: 00:01:47

Health: -7/17      AC:  1    Str: 13    XL:     3   Next: 64%
Magic:  4/4        EV: 18    Int:  8    God:    Trog [......]
Gold:   54         SH:  0    Dex: 16    Spells: 2/2 levels left
                                        Lives:  0   Deaths: 1

rFire    . . .     SeeInvis +     - Unarmed
rCold    . . .     Faith    .   (shield unavailable)
rNeg     . . .     Spirit   .   (armour unavailable)
rPois    .         Reflect  .   (helmet unavailable)
rElec    .         Harm     .   (cloak unavailable)
rCorr    .         Rampage  .   (gloves unavailable)
Will     .....     NoTele   +   (boots unavailable)
Stlth    +++++.....             (no amulet)
HPRegen  0.05/turn              (no ring)
MPRegen  0.09/turn              (no ring)

@: quick
A: very small, claws 1, fangs 3, see invisible, speed 1, shaggy fur 1, stealthy
paws, no weapons or thrown items, no armour, multi-lived
a: Renounce Religion


You were in the Dungeon.
You worshipped Trog.
Trog was noncommittal.
You visited 1 branch You collected 54 gold pieces.

Inventory:

Wands
 g - a wand of flame (14)
Scrolls
 f - a scroll of blinking
Potions
 a - a potion of curing
 d - 2 potions of magic
 e - a potion of berserk rage
 h - a potion of flight {unknown}


   Skills:
 - Level 3.0 Fighting
 - Level 4.0 Dodging
 + Level 12.7 Stealth
 - Level 3.0 Unarmed Combat


You had 2 spell levels left.
You didn't know any spells.
Your spell library was empty.

Dungeon Overview and Level Annotations

Branches:
Dungeon (1/1)

Altars:

Annotations:
D Sigmund


Innate Abilities, Weirdness & Mutations

You have sharp claws.
You have razor-sharp teeth.
You have supernaturally acute eyesight. (SInv)
You cover ground quickly. (Speed+)
You are covered in fur. (AC +1)
Your paws help you pounce on unaware monsters.
You are incapable of wielding weapons or throwing items.
You cannot wear armour.
You gain extra lives every three experience levels.


Message History

Done waiting.
You start waiting.
Done waiting.
You start waiting.
Done waiting.
You start waiting.
You start waiting.
Done waiting.
You start waiting.
Done waiting.
You start waiting.
Done waiting.
You start waiting.
Done waiting.
Saving game... please wait.
Level annotation: Sigmund Welcome back, Groucho the Felid Berserker.
Trog says: Kill them all!
Press ? for a list of commands and other information.
Unknown command.
Unknown command.
Unknown command.
Okay, then.
Aiming: Throw Flame
Press: ? - help, Shift-Dir - straight line, f - you That beam is likely to hit you.
Continue anyway?
The puff of flame hits you.
Aiming: Throw Flame
Press: ? - help, Shift-Dir - straight line, f - you That beam is likely to hit you.
Continue anyway?
The puff of flame hits you!
Ouch! That really hurt!
* * * LOW HITPOINT WARNING * * *
Unknown command.
Aiming: Throw Flame
Press: ? - help, Shift-Dir - straight line, f - you That beam is likely to hit you.
Continue anyway?
The puff of flame hits you!
Ouch! That really hurt!
You die...

#<.#..)..#..+
#.)'..#..'..#
#.@#####+####
#.†# #..#
#..# #⌠⌠#
#### #.@#
####


There were no monsters in sight!

Vanquished Creatures
  An ogre (D)
  Ijyb (D)
2 creatures vanquished.

Vanquished Creatures (others)
  the Lernaean hydra (D)
  A deep elf master archer (D)
  A hydra (D)
  2 merfolk sirens (D)
  A gargoyle (D)
  A hellwing (D)
  4 hornets (D)
  A floating eye (D)
12 creatures vanquished.

Grand Total: 14 creatures vanquished

Notes
Turn   | Place    | Note
-------+----------+-------------------------------------------
     0 | D        | Groucho the Felid Berserker began the quest for the Orb.
     0 | D        | Reached XP level 1. HP: 10/10 MP: 2/2
     1 | D        | Noticed Ijyb
    11 | D        | Killed Ijyb
    12 | D        | Reached skill level 8 in Stealth
    12 | D        | Reached XP level 2. HP: 14/14 MP: 3/3
    12 | D        | Reached XP level 3. HP: 17/17 MP: 4/4
   222 | D        | Noticed an ogre
   230 | D        | Killed an ogre
   231 | D        | Reached skill level 12 in Stealth
   231 | D        | Reached XP level 4. HP: 16/21 MP: 5/5
   523 | D        | Noticed Sigmund
   546 | D        | Slain by Sigmund
   547 | D        | Reached XP level 3. HP: -4/17 MP: 4/4
  1866 | D        | Killed a hornet
  2163 | D        | Killed a hornet
  3425 | D        | Killed a hornet
  3876 | D        | Killed the 27-headed Lernaean hydra
  3903 | D        | Killed a floating eye
  3904 | D        | Killed a gargoyle
  3937 | D        | Killed a merfolk siren
  3992 | D        | Killed a merfolk siren
  4268 | D        | Killed a hornet
  4466 | D        | Killed a 12-headed hydra
  5113 | D        | Killed a deep elf master archer
  7100 | D        | Killed a hellwing
  8713 | D        | Shot themself with a puff of flame

Illustrated notes

Levels and vault maps discovered:
D:        dungeon_sprint_1 [red_sonja_temple_1, red_sonja_temple_small_1]

Skill      XL: |  1  2  3 |
---------------+----------+-----
Stealth        | 8 12 | 12.7
Fighting       | |  3.0
Dodging        | |  4.0
Unarmed Combat | |  3.0

Action                   |  1- 3 |  4- 6 || total
-------------------------+-------+-------++-------
Melee: Unarmed           |    10 |     6 ||    16
       Bite              |     2 |     1 ||     3
       Punch             |     1 |     1 ||     2
Invok: Berserk           |     2 |     1 ||     3
Evoke: Wand              |     2 |       ||     2
  Use: Potion            |       |     2 ||     2
Dodge: Dodged            |     4 |     7 ||    11
